Map: Odyssey LE

Players

Cloudy - Winner!

  • Race: Protoss Protoss
  • Spawn Location: 5:00

Serral

  • Race: Zerg Zerg
  • Spawn Location: 11:00

Event: WCS Valencia 2017

VOD

Have the link to the VOD?

Description

Time

  • Played on: July 14, 2017, 5:54 a.m.
  • Length: 8:24

All games in this series

Show
View Real Time Build Order
Export as new Build Order

Cloudy Protoss - Winner!

Build Orders: Nexus First, Zealot Archon, Dark Templar Rush 

Get SALT Encoding   

  12  0:01  Probe (Chrono Boost)  
  13  0:12  Probe (Chrono Boost)  
  14  0:18  Pylon  
  14  0:22  Probe (Chrono Boost)  
  15  0:37  Probe (Chrono Boost)  
  16  0:47  Probe (Chrono Boost)  
  17  0:57  Nexus  
  17  1:07  Gateway  
  17  1:12  Probe (Chrono Boost)  
  18  1:18  Assimilator  
  18  1:22  Probe (Chrono Boost)  
  19  1:27  Assimilator  
  19  1:33  Probe (Chrono Boost)  
  19  1:37  Pylon  
  20  1:43  Probe (Chrono Boost)  
  21  1:54  Probe (Chrono Boost)  
  22  1:55  Cybernetics Core  
  22  1:59  Zealot  
  24  2:05  Probe (Chrono Boost)  
  25  2:09  Probe (Chrono Boost)  
  25  2:15  Probe (Chrono Boost)  
  27  2:20  Probe (Chrono Boost)  
  28  2:26  Probe (Chrono Boost)  
  29  2:30  Probe (Chrono Boost)  
  29  2:34  Stalker (Chrono Boost)  
  29  2:35  Mothership Core (Chrono Boost)  
  33  2:40  Warp Gate (Chrono Boost)  
  33  2:41  Probe  
  35  2:52  Twilight Council  
  35  2:55  Probe (Chrono Boost)  
  35  2:58  Probe (Chrono Boost)  
  37  3:06  Probe (Chrono Boost), Robotics Facility  
  37  3:10  Adept  
  40  3:19  Pylon  
  38  3:21  Probe (Chrono Boost)  
  38  3:22  Pylon  
  38  3:26  Probe (Chrono Boost)  
  40  3:32  Probe (Chrono Boost)  
  41  3:35  Dark Shrine  
  41  3:36  Probe (Chrono Boost)  
  42  3:43  Gateway  
  42  3:44  Gateway  
  42  3:46  Probe (Chrono Boost)  
  42  3:47  Probe (Chrono Boost)  
  44  3:53  Gateway  
  44  3:59  Warp Prism (Chrono Boost)  
  44  4:00  Probe  
  47  4:03  Probe  
  47  4:07  Assimilator  
  48  4:11  Assimilator  
  48  4:14  Pylon, Probe  
  48  4:16  Probe  
  50  4:25  Probe  
  51  4:31  Probe  
  51  4:35  Probe  
  53  4:43  Observer (Chrono Boost), Probe  
  55  4:48  Pylon  
  55  4:50  Nexus  
  55  4:54  Dark Templar  
  55  4:55  Dark Templar x2  
  61  5:00  Probe  
  61  5:03  Pylon  
  62  5:08  Dark Templar  
  62  5:09  Probe  
  62  5:11  Probe  
  62  5:14  Immortal (Chrono Boost), Archon x2  
  70  5:21  Probe  
  70  5:24  Probe  
  72  5:29  Blink (Chrono Boost)  
  72  5:33  Probe  
  73  5:36  Probe  
  73  5:40  Pylon, Adept x2  
  78  5:53  Immortal  
  78  5:58  Probe  
  78  6:02  Probe  
  78  6:03  Probe  
  80  6:10  Probe  
  80  6:14  Probe  
  80  6:16  Probe  
  80  6:18  Gateway  
  82  6:19  Sentry, Gateway  
  82  6:20  Sentry x3  
  82  6:21  Gateway  
  82  6:22  Probe  
  82  6:24  Gateway  
  91  6:25  Gateway  
  91  6:26  Probe  
  91  6:28  Probe, Assimilator  
  91  6:31  Immortal  
  93  6:34  Pylon  
  93  6:36  Pylon  
  97  6:45  Sentry  
  97  6:46  Sentry  
  101  6:50  Pylon  
  101  6:52  Pylon  
  101  6:53  Pylon, Stalker x2  
  105  7:05  Pylon  
  105  7:08  Pylon  
  105  7:24  Stalker x9  
  108  7:48  Stalker x6  
  120  7:58  Zealot x3  
  114  8:10  Zealot x3  
  119  8:14  Stalker x3  
Show
View Real Time Build Order
Export as new Build Order

Serral Zerg 

Build Orders: Hatch First 

Get SALT Encoding   

  12  0:00  Drone  
  13  0:12  Overlord  
  13  0:16  Drone  
  14  0:31  Drone x2  
  14  0:35  Drone  
  17  0:51  Hatchery  
  17  0:54  Drone  
  17  0:57  Drone  
  18  1:09  Extractor  
  17  1:12  Spawning Pool  
  17  1:15  Drone  
  17  1:19  Drone  
  18  1:28  Drone  
  19  1:38  Overlord  
  19  2:00  Queen, Zergling x2  
  19  2:01  Zergling x2  
  23  2:06  Queen  
  23  2:07  Zergling x2  
  23  2:08  Metabolic Boost  
  26  2:14  Zergling x2  
  26  2:15  Zergling x2  
  28  2:25  Drone x2  
  30  2:35  Drone  
  30  2:36  Drone  
  32  2:44  Drone  
  32  2:45  Hatchery  
  32  2:47  Drone  
  33  2:54  Overlord  
  33  3:00  Queen  
  35  3:11  Drone  
  36  3:13  Drone x2  
  36  3:14  Drone x2  
  36  3:15  Drone  
  36  3:16  Drone  
  36  3:18  Drone  
  42  3:21  Drone  
  42  3:24  Drone  
  44  3:29  Overlord  
  44  3:39  Roach Warren, Drone  
  44  3:43  Lair  
  44  3:46  Overlord  
  44  3:49  Drone x2  
  44  3:52  Drone x3  
  49  3:56  Drone x2  
  49  3:59  Extractor  
  49  4:01  Overlord  
  49  4:02  Drone  
  51  4:06  Drone  
  52  4:10  Drone x4  
  52  4:15  Overlord  
  56  4:20  Drone x2  
  56  4:21  Drone  
  59  4:27  Spore Crawler  
  59  4:28  Roach  
  59  4:29  Spore Crawler, Roach  
  61  4:34  Roach x2  
  65  4:41  Evolution Chamber  
  65  4:42  Roach x3  
  65  4:44  Overseer  
  70  4:55  Roach x2, Overlord  
  70  4:56  Drone x3  
  70  4:59  Extractor  
  76  5:01  Drone x4  
  76  5:04  Overlord  
  76  5:05  Drone  
  81  5:09  Zerg Melee Weapons Level 1  
  81  5:14  Overlord  
  81  5:17  Roach  
  81  5:18  Overlord  
  81  5:20  Drone x3  
  81  5:21  Drone x2  
  88  5:24  Overlord  
  88  5:27  Extractor  
  86  5:29  Queen  
  86  5:35  Roach  
  90  5:37  Glial Reconstitution  
  90  5:38  Drone  
  90  5:39  Drone x4  
  95  5:43  Drone  
  95  5:45  Zergling x6  
  90  6:13  Drone x2  
  90  6:14  Drone x2  
  90  6:15  Drone x6  
  90  6:18  Drone x2  
  99  6:19  Extractor x2  
  99  6:20  Hydralisk Den  
  99  6:23  Hatchery  
  99  6:25  Baneling Nest, Zergling x12  
  95  6:26  Zergling x6  
  103  6:33  Drone  
  103  6:35  Overlord  
  103  6:36  Zergling x2  
  103  6:37  Overseer  
  105  6:49  Overlord  
  105  6:52  Muscular Augments  
  105  6:54  Hydralisk x6  
  105  6:55  Hydralisk x2  
  121  7:03  Drone  
  121  7:06  Overlord x3  
  122  7:09  Baneling  
  122  7:10  Baneling x5  
  122  7:21  Drone  
  122  7:22  Drone x7  
  130  7:28  Zergling x6  
  132  7:36  Zergling x10  
  132  7:37  Zergling x4  
  136  7:45  Zergling x10  
  139  7:52  Hydralisk x4  
Tags
 
Add a new tag
Caveats
  • Supply blocks, unpowered buildings, or Contaminate may cause inaccurate times.
  • Supply counts are checked every 10 seconds.